 Dungeon Crawl Stone Soup version 0.30-a0-782-ge64f9170bb (webtiles) character file.

Game seed: 12285490595504576071

88 HoaS the Shooter (level 4, -2/26 HPs)
             Began as a Gargoyle Hunter on Feb 21, 2023.
             Was an Initiate of Gozag.
             Slain by a phantom (6 damage)
             ... on level 3 of the Dungeon.
             The game lasted 00:05:39 (1433 turns).

HoaS the Shooter (Gargoyle Hunter)                  Turns: 1433, Time: 00:05:40

Health: -2/26      AC:  8    Str: 14    XL:     4   Next: 53%
Magic:  4/4        EV: 12    Int:  5    God:    Gozag
Gold:   129        SH:  0    Dex: 19    Spells: 3/3 levels left

rFire   + . .      SeeInvis .    a - +0 shortbow
rCold   . . .      Faith    .    (shield currently unavailable)
rNeg    + . .      Spirit   .    c - +0 leather armour
rPois   ∞          Reflect  .    j - +1 helmet of the Slightly Bent {rF+ Int-5 Dex+4 Stlth+}
rElec   +          Harm     .    (no cloak)
rCorr   .          Rampage  .    (no gloves)
Will    .....                    (no boots)
Stlth   +++                      (no amulet)
HPRegen 0.24/turn                (no ring)
MPRegen 0.09/turn                (no ring)

@: flying
A: sickness immunity, AC +3, negative energy resistance 1, electricity
resistance, torment resistance 1, petrification resistance
a: Renounce Religion, Potion Petition, Call Merchant, Bribe Branch


You were on level 3 of the Dungeon.
You worshipped Gozag.
Gozag was aware of your devotion.
You visited 1 branch of the dungeon, and saw 3 of its levels.

You collected 164 gold pieces.
You paid 35 gold pieces to Gozag.

Inventory:

Hand Weapons
 a - a +0 shortbow (weapon)
Armour
 c - a +0 leather armour (worn)
 j - the +1 helmet of the Slightly Bent (worn) {rF+ Int-5 Dex+4 Stlth+}
   (You found it on level 2 of the Dungeon)

   Int:       It affects your intelligence (-5).
   Dex:       It affects your dexterity (+4).
   rF:        It protects you from fire.
   Stlth:     It makes you more stealthy.
Scrolls
 b - a scroll of immolation
 g - 2 scrolls of teleportation
Potions
 d - a potion of flight
 e - a potion of mutation
 f - a potion of attraction {unknown}
 h - a potion of might {unknown}


   Skills:
 - Level 2.1 Fighting
 + Level 5.8 Ranged Weapons
 - Level 1.5 Dodging
 - Level 1.1 Stealth


You had 3 spell levels left.
You didn't know any spells.
Your spell library was empty.

Dungeon Overview and Level Annotations

Branches:
Dungeon (3/15)

Altars:
Gozag


Innate Abilities, Weirdness & Mutations

You are immune to sickness and miasma.
Your stone body is resilient. (AC +3)
You are immune to poison.
You resist negative energy. (rN+)
You are resistant to electric shocks. (rElec)
You are resistant to unholy torment.
You are immune to petrification.


Message History

Okay, then.
Fire: a) +0 shortbow
Press: ? - help, Q - select action, (/) - cycle Shift-Dir - straight line, f/p - phantom
Aim: a phantom (heavily damaged, 54% to hit)
You shoot an arrow. The arrow hits the phantom.
The phantom is heavily damaged.
The phantom hits you but does no damage.
Fire: a) +0 shortbow
Press: ? - help, Q - select action, (/) - cycle Shift-Dir - straight line, f/p - phantom
Aim: a phantom (heavily damaged, 54% to hit)
You shoot an arrow. The arrow barely misses the phantom.
The phantom hits you.
* * * LOW HITPOINT WARNING * * *
The phantom blinks!
You blink.
The phantom hits you.
* * * LOW HITPOINT WARNING * * *
It was a potion of flight.
You feel very buoyant.
You fly up into the air.
The phantom closely misses you.
It was a potion of mutation.
You feel extremely strange.
You feel robust.
You feel frail.
The phantom hits you but does no damage.
The phantom hits you.
* * * LOW HITPOINT WARNING * * *
The phantom closely misses you.
The phantom hits you but does no damage.
The phantom completely misses you.
The phantom hits you but does no damage.
The phantom hits you but does no damage.
The phantom closely misses you. The phantom hits you.
* * * LOW HITPOINT WARNING * * *
The phantom blinks!
You blink.
The phantom closely misses you.
The phantom hits you but does no damage.
The phantom hits you but does no damage.
The phantom closely misses you. The phantom barely misses you.
The phantom hits you.
You die...
Your body crumbles into a pile of gold.

. . . .
#...#######
.
#.......$.#
.
##.######.#
.## #.# ..#
#.# ..# #W#
#.# #@# ..#
#.# #.# #.#
#.##### #.#
......# #.#
#.###....
#.# #.# ##
#.######
#.#
#.##...#
..#
#.##...###


You could see a phantom.

Vanquished Creatures
  4 adders
  A worm (D:2)
  2 dart slugs
  4 endoplasms
  A giant cockroach (D:2)
  5 goblins
  2 hobgoblins
  4 jackals (D:2)
  3 quokkas
  7 bats
  3 frilled lizards
  6 kobolds
  A rat (D:2)
43 creatures vanquished.

Notes
Turn   | Place    | Note
-------+----------+-------------------------------------------
     0 | D:1      | HoaS the Gargoyle Hunter began the quest for the Orb.
     0 | D:1      | Reached XP level 1. HP: 12/12 MP: 1/1
   116 | D:1      | Reached XP level 2. HP: 17/17 MP: 2/2
   654 | D:1      | Reached skill level 5 in Ranged Weapons
   654 | D:1      | Reached XP level 3. HP: 21/21 MP: 3/3
   680 | D:2      | Identified the +1 helmet of the Slightly Bent {rF+ Int-5
                  | Dex+4 Stlth+}
   953 | D:2      | Reached XP level 4. HP: 26/26 MP: 4/4
  1100 | D:2      | Found an opulent altar of Gozag.
  1180 | D:2      | Found a faded altar of an unknown god.
  1253 | D:2      | Became a worshipper of Gozag Ym Sagoz the Greedy
  1400 | D:3      | Noticed a phantom
  1419 | D:3      | Gained mutation: You are robust. (+10% HP) [potion of
                  | mutation]
  1419 | D:3      | Lost mutation: You are robust. (+10% HP) [potion of
                  | mutation]
  1433 | D:3      | Slain by a phantom

Illustrated notes

Levels and vault maps discovered:
D:1:      dpeg_arrival_stone_temple_mockup, layout_basic, serial_corexii_hall,
          corexii_hall_statues_x, corexii_hall_statues_l,
          chequers_hall_statues_corner_a, corexii_hall_statues_x, minivault_24
D:2:      layout_rooms, hellmonk_ecumenical_altar_inner_sanctum, basic_altar,
          minmay_octomino_j4
D:3:      layout_loops_ring, gammafunk_ghost_cemetery

Skill      XL: |  1  2 |
---------------+-------+-----
Ranged Weapons | 5 |  5.8
Fighting       | |  2.1
Dodging        | |  1.5
Stealth        | |  1.1

Action                     |  1- 3 |  4- 6 || total
---------------------------+-------+-------++-------
   Fire: Shortbow          |    90 |    42 ||   132
    Use: Scroll            |       |     4 ||     4
         Potion            |       |     2 ||     2
 Armour: Leather armour    |    17 |    15 ||    32
  Dodge: Dodged            |    42 |    16 ||    58

Table legend: (Time is in decaauts)
 A = Elapsed time spent in this place.
 B = Non-inter-level travel time spent in this place.
 C = Inter-level travel time spent in this place.
 D = Time resting spent in this place.
 E = Time spent auto-exploring this place.
 F = Levels seen in this place.
 G = Mean time per level.
                   A        B        C        D        E       F      G
               +--------+--------+--------+--------+--------+-----+--------+
         Total |   1470 |   1406 |     64 |     18 |   1103 |   3 |  490.0 |
       Dungeon |   1470 |   1406 |     64 |     18 |   1103 |   3 |  490.0 |
               +--------+--------+--------+--------+--------+-----+--------+

Top non-repeatable levels by time:
     D:1: 662 daAuts
     D:2: 626 daAuts
     D:3: 180 daAuts
